 Dungeon Crawl Stone Soup version 0.31-a0-348-g810772c3d7 (webtiles) character file.

Game seed: 9128369553593788802

1711 Enroth the Ruffian (level 9, -11/59 HPs)
             Began as an Octopode Shapeshifter on July 23, 2023.
             Was a Believer of Okawaru.
             Mangled by a yak (18 damage)
             ... on level 6 of the Dungeon.
             The game lasted 00:22:32 (3946 turns).

Enroth the Ruffian (Octopode Shapeshifter)          Turns: 3946, Time: 00:22:33

Health: -11/59     AC:  1    Str: 19    XL:     9   Next: 4%
Magic:  9/9        EV: 18    Int: 16    God:    Okawaru [**....]
Gold:   288        SH:  0    Dex: 12    Spells: 8/8 levels left

rFire   . .          .
                       - Unarmed
rCold   . . .        (no shield)
rNeg    . . .        t - melded +2 hat {Stlth+}
rPois   +            (no amulet)
rElec   .            d - +5 ring of evasion
rCorr   .            a - ring of poison resistance
SInv    .            r - +6 ring of intelligence
Will    .....        (no ring)
Stlth   ++++         (no ring)
HPRegen 0.29/turn    (no ring)
MPRegen 0.11/turn    (no ring)
                     (no ring)

%: no passive effects
@: mighty, beast-form
A: beast (slay +3), almost no armour, amphibious, 8 rings, camouflage 1,
gelatinous body 1, (nimble swimmer 1), tentacles, tentacle spike 1, teleportitis
1, MP-powered wands
a: Begin Untransformation, Renounce Religion, Heroism


You were on level 6 of the Dungeon.
You worshipped Okawaru.
Okawaru was pleased with you.
You were a hulking beast.
You visited 2 branches of the dungeon, and saw 7 of its levels.
You also visited: Sewer.

You collected 288 gold pieces.

Inventory:

Hand Weapons
 v - a +1 war axe
Armour
 t - a +2 hat of stealth (melded)
Jewellery
 a - a ring of poison resistance (right tentacle)
 d - a +5 ring of evasion (left tentacle)
 g - a +6 ring of intelligence
 r - a +6 ring of intelligence (on tentacle)
Talismans
 b - a beast talisman
Wands
 w - a wand of iceblast (7)
Scrolls
 i - 3 scrolls of teleportation
 j - a scroll of amnesia {unknown}
Potions
 c - 7 potions of curing
 e - a potion of magic {unknown}
 f - a potion of might
 h - 3 potions of brilliance
 s - a potion of mutation
 u - a potion of enlightenment


   Skills:
 * Level 4.4 Fighting
 * Level 2.9 Axes
 + Level 3.2 Dodging
 + Level 5.5 Stealth
 + Level 7.0 Unarmed Combat
 * Level 5.6 Shapeshifting


You had 8 spell levels left.
You didn't know any spells.
Your spell library contained the following spells:

 Spells                   Type           Power      Damage    Failure   Level
 Kiss of Death            Conj/Necr      0%         2d5       26%         1
 Sting                    Tmut/Pois      0%         1d3       26%         1
 Ensorcelled Hibernation  Hex/Ice        0%         N/A       36%         2
 Passwall                 Tmut/Erth      0%         N/A       36%         2
 Poisonous Vapours        Pois/Air       0%         N/A       36%         2
 Confusing Touch          Hex            0%         N/A       58%         3
 Swiftness                Air            0%         N/A       58%         3
 Dispel Undead            Necr           0%         3d6       94%         4
 Olgreb's Toxic Radiance  Pois           0%         N/A       94%         4


Dungeon Overview and Level Annotations

Branches:
Dungeon (6/15)             Temple (1/1) D:5           Sewer (visited)

Altars:
Ashenzari
Cheibriados
Elyvilon
Fedhas
Gozag
Hepliaklqana
Makhleb
Nemelex Xobeh
Okawaru
Ru
Trog
Uskayaw
Vehumet
Xom
Yredelemnul
Zin
The Shining One

Shops:
D:3 [

Portals:
Abyss: D:4

Annotations:
D:4 2 transporters, Hajna's ghost, amateur DEHu
D:6 Pikel


Innate Abilities, Weirdness & Mutations

You are a hulking beast.
Your limbs bulge with bestial killing power. (Slay +3)
You cannot wear most types of armour.
You are amphibious.
You can wear up to eight rings at the same time.
Your skin changes colour to match your surroundings (Stealth+).
Your rubbery body absorbs attacks. (AC +1, EV +1)
((You are camouflaged when in or above water. (Stealth+)))
You have tentacles for arms and can constrict up to eight enemies at once.
One of your tentacles bears a spike.
You are occasionally teleported next to monsters.
You expend magic power (3 MP) to strengthen your wands.


Message History

The yak is heavily wounded.
You constrict the lemure. The yak gores you! The lemure hits you!
You bludgeon the yak!
Your tentacle spike misses the yak.
You tentacle-slap the yak!
You kill the yak!
Okawaru accepts your kill.
You constrict the lemure. You bludgeon the lemure!
You kill the lemure!
That felt strangely unrewarding.
You bludgeon the yak!
You pierce the yak.
The yak is moderately wounded.
The yak gores you!
You batter the yak!!
You pierce the yak.
The yak is severely wounded.
The yak closely misses you.
You bludgeon the yak!
You kill the yak!
Okawaru is honoured by your kill.
Your Unarmed Combat skill increases to level 7!
You have reached level 9!
Your experience leads to an increase in your attributes!
Your base attributes are Str 17, Int 10, Dex 12.
Increase (S)trength, (I)ntelligence, or (D)exterity?
You feel stronger. x2
You tentacle-slap the yak. You squeeze the yak!!
The yak is severely wounded.
The yak gores you!!
* * * LOW HITPOINT WARNING * * *
You feel much better. The yak gores you. The yak gores you!
* * * LOW HITPOINT WARNING * * *
You completely miss the yak.
The yak is severely wounded.
The yak gores you!
* * * LOW HITPOINT WARNING * * *
The yak barely misses you.
You barely miss the yak.
The yak is severely wounded.
The yak gores you but does no damage. The yak gores you!!
You die...

#...........#....#
#...#.......Y.....
. #...###...##....
.. ..$.# ##...##.#
.# ##..#
##.....##... ###
#..........
###...###. ##YY#
#h## ###


You could see 2 yaks.

Vanquished Creatures
  Grinder (D:4)
  2 yaks (D:6)
  Edmund (D:5)
  A water moccasin (D:5)
  An ice beast (D:6)
  An ogre (D:5)
  A centaur (D:5)
  A lemure (D:6)
  A kobold brigand (D:5)
  2 bullfrogs (Sewer)
  2 scorpions
  A hound (D:4)
  A jelly (D:5)
  Ijyb (D:3)
  Terence (D:2)
  Robin (D:2)
  3 gnolls (D:4)
  13 adders
  2 river rats (Sewer)
  A white imp (D:5)
  2 ufetubi
  A worm (D:3)
  3 orcs
  13 ball pythons
  12 endoplasms
  A giant cockroach (D:1)
  19 goblins
  9 hobgoblins
  9 jackals
  3 quokkas
  4 frilled lizards
  11 kobolds
  26 rats
151 creatures vanquished.

Notes
Turn   | Place    | Note
-------+----------+-------------------------------------------
     0 | D:1      | Enroth the Octopode Shapeshifter began the quest for the
                  | Orb.
     0 | D:1      | Reached XP level 1. HP: 13/13 MP: 1/1
   132 | D:1      | Reached XP level 2. HP: 13/18 MP: 2/2
   787 | D:2      | Reached XP level 3. HP: 15/23 MP: 3/3
   888 | D:2      | Noticed Terence
   900 | D:2      | Noticed Robin
   909 | D:2      | Killed Robin
   910 | D:2      | Reached skill level 1 in Stealth
   910 | D:2      | Reached XP level 4. HP: 28/28 MP: 4/4
  1020 | D:2      | Found a snail-covered altar of Cheibriados.
  1049 | D:2      | Killed Terence
  1299 | D:3      | Reached XP level 5. HP: 34/34 MP: 5/5
  1299 | D:3      | Found a glowing drain.
  1308 | Sewer    | Entered a sewer
  1401 | Sewer    | Reached skill level 4 in Unarmed Combat
  1535 | Sewer    | Reached XP level 6. HP: 32/41 MP: 6/6
  1607 | D:3      | Found Bucufem's Antique Armour Shop.
  1645 | D:3      | You fall into a shaft and drop 1 floor!
  1755 | D:4      | Found a transporter.
  1757 | D:4      | Found a transporter.
  1777 | D:4      | Noticed Grinder
  1796 | D:4      | Killed Grinder
  1797 | D:4      | Reached skill level 5 in Unarmed Combat
  1797 | D:4      | Reached XP level 7. HP: 20/46 MP: 7/7
  1924 | D:4      | Found a one-way gate to the infinite horrors of the Abyss.
  1924 | D:4      | Noticed Hajna's ghost (amateur DEHu)
  2343 | D:3      | Noticed Ijyb
  2349 | D:3      | Killed Ijyb
  2350 | D:3      | Reached skill level 5 in Shapeshifting
  2370 | D:3      | Found a faded altar of an unknown god.
  2377 | D:3      | Got Plato's Vellum of the Polluted Shift
  2751 | D:4      | Found a bloodstained altar of Trog.
  3152 | D:3      | Gained mutation: You expend magic power (3 MP) to
                  | strengthen your wands. [potion of mutation]
  3152 | D:3      | Gained mutation: You are occasionally teleported next to
                  | monsters. [potion of mutation]
  3152 | D:3      | Gained mutation: One of your tentacles bears a spike.
                  | [potion of mutation]
  3185 | D:5      | Entered Level 5 of the Dungeon
  3214 | D:5      | Found a staircase to the Ecumenical Temple.
  3220 | Temple   | Entered the Ecumenical Temple
  3239 | Temple   | Became a worshipper of Warmaster Okawaru
  3340 | D:5      | Reached skill level 1 in Axes
  3404 | D:5      | Reached XP level 8. HP: 52/52 MP: 8/8
  3424 | D:5      | Reached skill level 6 in Unarmed Combat
  3469 | D:5      | Reached * piety under Okawaru
  3632 | D:5      | Noticed Edmund
  3642 | D:5      | Killed Edmund
  3918 | D:6      | Noticed Pikel
  3919 | D:6      | Noticed a yak
  3920 | D:6      | Noticed a yak
  3921 | D:6      | Noticed a yak
  3922 | D:6      | Noticed a yak
  3927 | D:6      | Reached skill level 5 in Stealth
  3938 | D:6      | Killed a yak
  3942 | D:6      | Killed a yak
  3942 | D:6      | Reached ** piety under Okawaru
  3943 | D:6      | Reached skill level 7 in Unarmed Combat
  3943 | D:6      | Reached XP level 9. HP: 25/59 MP: 9/9
  3946 | D:6      | Mangled by a yak

Illustrated notes

Levels and vault maps discovered:
D:1:      nicolae_arrival_somewhat_less_tricky_arrival, layout_basic
D:2:      layout_basic, basic_altar, uniq_terence, uniq_robin
D:3:      layout_loops_cross, portal_sewer_entry_d, serial_shops, shop,
          shapermc_ecumenical_altar_rom_forum, minmay_misc_feat_square,
          uniq_ijyb
D:4:      layout_loops_cross, trog_antimagical, gammafunk_ghost_abyssal_escape,
          serial_forest, infiniplex_forest_clump_small,
          infiniplex_forest_clump_small, infiniplex_forest_zigzag_2,
          infiniplex_forest_clump_small, infiniplex_forest_straight_1,
          infiniplex_forest_lined_2, infiniplex_forest_lined_3_way, uniq_grinder
D:5:      layout_loops_ring, minmay_temple_entry_statues_pillars, uniq_edmund
D:6:      layout_cave_pools, chequers_decorated_corner, uniq_maggie, uniq_pikel
Temple:   eino_temple_scatter_basement

Skill      XL: |  1  2  3  4  5  6  7  8 |
---------------+-------------------------+-----
Stealth        | 1 2 3 4 5 |  5.5
Shapeshifting  | 4 5 |  5.6
Fighting       | 2 3 4 |  4.4
Unarmed Combat | 4 5 7 |  7.0
Axes           | 1 2 |  2.9
Dodging        | 3 |  3.2

Action                     |  1- 3 |  4- 6 |  7- 9 || total
---------------------------+-------+-------+-------++-------
  Melee: Unarmed           |    53 |   115 |   136 ||   304
         Constrict         |    14 |    27 |    26 ||    67
         Tentacles         |    10 |    19 |    33 ||    62
         Punch             |     2 |     3 |    11 ||    16
         Kick              |       |       |    21 ||    21
Ability: Begin Untransform |       |       |     1 ||     1
    Use: Potion            |       |     1 |     7 ||     8
         Scroll            |       |       |    11 ||    11
   Stab: Sleeping          |     2 |     5 |     8 ||    15
         Distracted        |       |     1 |       ||     1
 Armour: Skin              |       |    11 |     2 ||    13
  Dodge: Dodged            |    24 |    56 |    68 ||   148
   Form: Beast             |       |       |     1 ||     1

Table legend: (Time is in decaauts)
 A = Elapsed time spent in this place.
 B = Non-inter-level travel time spent in this place.
 C = Inter-level travel time spent in this place.
 D = Time resting spent in this place.
 E = Time spent auto-exploring this place.
 F = Levels seen in this place.
 G = Mean time per level.
                   A        B        C        D        E       F      G
               +--------+--------+--------+--------+--------+-----+--------+
         Total |   3917 |   3744 |    173 |     98 |   2235 |   8 |  489.6 |
       Dungeon |   3611 |   3438 |    173 |     98 |   2235 |   6 |  601.8 |
        Temple |     38 |     38 |      0 |      0 |      0 |   1 |   38.0 |
         Sewer |    267 |    267 |      0 |      0 |      0 |   1 |  267.0 |
               +--------+--------+--------+--------+--------+-----+--------+

Top non-repeatable levels by time:
     D:4: 869 daAuts
     D:3: 833 daAuts
     D:1: 746 daAuts
     D:5: 688 daAuts
     D:2: 446 daAuts
   Sewer: 267 daAuts
  Temple: 38 daAuts
     D:6: 26 daAuts
